 Dungeon Crawl Stone Soup version 0.22.1-2-g9c5b331 (webtiles) character file.

536 Torikoriko the Sneak (level 7, -23/45 HPs)
             Began as an Octopode Enchanter on Nov 27, 2018.
             Was a Follower of Dithmenos.
             Annihilated by an ogre
             ... wielding a +0 giant club
              (27 damage)
             ... on level 5 of the Dungeon.
             The game lasted 00:15:03 (4988 turns).

Torikoriko the Sneak (Octopode Enchanter)           Turns: 4988, Time: 00:15:04

Health: -23/45     AC:  1    Str:  7    XL:     7   Next: 25%
Magic:  7/10       EV: 14    Int: 18    God:    Dithmenos [*.....]
Gold:   217        SH:  0    Dex: 14    Spells: 1/10 levels left

rFire    . . .     SeeInvis .   a - +1 dagger
rCold    . . .     Gourm    .   (no shield)
rNeg     + . .     Faith    .   (helmet restricted)
rPois    .         Spirit   .   (no amulet)
rElec    .         Reflect  .   d - ring of protection from magic
rCorr    .         Harm     .   j - ring of positive energy
MR       +....                  (no ring)
Stlth    +++++.....             (no ring)
HPRegen  0.15/turn              (no ring)
MPRegen  0.12/turn              (no ring)
                                (no ring)
                                (no ring)

@: wreathed by umbra
A: almost no armour, stealthy swim, amphibious, 8 rings, constrict 8, camouflage
1, gelatinous body 1
a: Renounce Religion


You were on level 5 of the Dungeon.
You worshipped Dithmenos.
Dithmenos was aware of your devotion.
You were not hungry.

You visited 1 branch of the dungeon, and saw 5 of its levels.

You collected 217 gold pieces.

Inventory:

Hand Weapons
 a - a +1 dagger (weapon)
 l - a +1 hunting sling of flaming
 o - a +1 short sword of protection
 t - a +0 blowgun
Missiles
 f - 139 stones (quivered)
 g - 21 poisoned needles
 m - a throwing net {!f}
 p - 4 curare-tipped needles {!f}
 q - 22 sling bullets
Jewellery
 d - a ring of protection from magic (left tentacle)
 j - a ring of positive energy (right tentacle)
Scrolls
 b - 2 scrolls of remove curse
 i - a scroll of amnesia
 r - 2 scrolls of magic mapping
 w - a scroll of random uselessness {unknown}
 x - a scroll of enchant armour {unknown}
Potions
 e - a potion of curing {unknown}
 h - 2 potions of flight {unknown}
 k - a potion of resistance {unknown}
 n - a potion of lignification {unknown}
 s - a potion of brilliance
 u - a potion of haste {unknown}
 v - a potion of degeneration {unknown}
Comestibles
 c - 11 rations


   Skills:
 + Level 2.2 Fighting
 * Level 3.7 Short Blades
 + Level 3.0 Dodging
 * Level 6.6 Stealth
 + Level 2.1 Spellcasting
 * Level 4.6 Hexes
 + Level 0.6 Ice Magic


You had one spell level left.
You knew the following spells:

 Your Spells              Type           Power        Failure   Level  Hunger
a - Corona                Hex            ###....      2%          1    #......
b - Ensorcelled Hibernat  Hex/Ice        ##....       9%          2    ###....
c - Confuse               Hex            ###.....     8%          3    ###....
d - Tukima's Dance        Hex            ###.....     8%          3    ###....

Your spell library contained the following spells:

 Spells                   Type           Power        Failure   Level  Hunger
 Dazzling Spray           Conj/Hex       ##....       21%         3    ###....


Dungeon Overview and Level Annotations

Branches:
Dungeon (5/15)
 Temple: D:4-7

Altars:
Dithmenos
Kikubaaqudgha
Nemelex Xobeh
Qazlal
Xom


Innate Abilities, Weirdness & Mutations

You cannot wear most types of armour.
You are very stealthy in the water. (Stealth+)
You are amphibious.
You can wear up to eight rings at the same time.
You can use your tentacles to constrict eight enemies at once.
Your skin changes colour to match your surroundings (Stealth+).
Your rubbery body absorbs attacks. (AC +1, EV +1)


Message History

The helpless adder fails to defend itself.
You impale the adder!!
You kill the adder!
Dithmenos accepts your kill.
The crimson imp shouts!
The ogre shouts!
The ogre barely misses you.
The crimson imp shouts, "Decamp, thou plume-plucked tip-merry lout!"
The crimson imp zaps a wand.
The bolt of acid hits you!
Ouch! That really hurt!
You are splashed with acid!
The acid burns!
* * * LOW HITPOINT WARNING * * *
It is a wand of acid (4).
Casting: Confuse (safe; 8% risk of failure)
Confirm with . or Enter, or press ? or * to list all spells.
Aiming: Confuse (safe; 8% risk of failure)
Press: ? - help, Shift-Dir - straight line, f - ogre
Aim: an ogre, wielding a giant club (umbra, chance to defeat MR: 49%)
The ogre resists with some effort.
The ogre hits you with a giant club!!
Ouch! That really hurt!
You die...

#.# #. #.# ############ #.#
#.# #.....5....####### #.#
#.# #O#######........#
..#.# #.#
##@######....!###. #.#.#
#.# #.............# #.#.#
#.###..######.....#
#.#.###..##..# ##.5....
#.#.......#..########.###.#
#.#.####..#........ ..# ..#
#####.#...............# ###
..# ....#.#.####...######.#
.# ###............# #


You could see an ogre.

Vanquished Creatures
  Grinder (D:4)
  A scorpion (D:5)
  A crimson imp (D:3)
  A hound (D:4)
  Natasha (twice) (D:4)
  A worker ant (D:4)
  A gnoll (D:1)
  7 adders
  An ooze (D:1)
  3 dart slugs
  A leopard gecko (D:1)
  9 orcs
  2 giant cockroaches
  6 goblins
  5 hobgoblins
  9 kobolds
  5 ball pythons
  11 bats
  9 frilled lizards
  2 rats
78 creatures vanquished.

Notes
Turn   | Place    | Note
-------+----------+-------------------------------------------
     0 | D:1      | Torikoriko the Octopode Enchanter began the quest for the
                  | Orb.
     0 | D:1      | Reached XP level 1. HP: 11/11 MP: 3/3
   336 | D:1      | Reached XP level 2. HP: 11/18 MP: 1/5
   340 | D:1      | Learned a level 2 spell: Ensorcelled Hibernation
   673 | D:1      | Reached skill level 1 in Fighting
   673 | D:1      | Reached XP level 3. HP: 23/23 MP: 3/6
  1488 | D:2      | Found an ancient bone altar of Kikubaaqudgha.
  1796 | D:2      | Reached XP level 4. HP: 28/28 MP: 7/7
  1981 | D:2      | Found a shadowy altar of Dithmenos.
  1996 | D:2      | Became a worshipper of Dithmenos the Shadowed
  2070 | D:2      | Reached skill level 5 in Stealth
  2516 | D:2      | Reached XP level 5. HP: 23/33 MP: 1/8
  2767 | D:3      | Learned a level 3 spell: Confuse
  2907 | D:3      | Found a sparkling altar of Nemelex Xobeh.
  3406 | D:3      | Found a stormy altar of Qazlal.
  3409 | D:3      | Found a shimmering altar of Xom.
  3613 | D:4      | Noticed Grinder
  3750 | D:4      | Killed Grinder
  3750 | D:4      | Reached skill level 6 in Stealth
  3750 | D:4      | Reached XP level 6. HP: 33/39 MP: 1/9
  3853 | D:4      | Learned a level 3 spell: Tukima's Dance
  4211 | D:4      | Noticed Natasha
  4214 | D:4      | Killed Natasha
  4214 | D:4      | Reached * piety under Dithmenos
  4214 | D:4      | Reached XP level 7. HP: 45/45 MP: 7/10
  4298 | D:4      | Noticed Natasha
  4313 | D:4      | Killed Natasha
  4550 | D:5      | Entered Level 5 of the Dungeon
  4979 | D:5      | HP: 2/45 [acid (17)]
  4988 | D:5      | Annihilated by an ogre

Skill      XL: |  1  2  3  4  5  6  7 |
---------------+----------------------+-----
Fighting       | 1 2 |  2.2
Short Blades   | 2 3 |  3.7
Stealth        | 5 6 |  6.6
Hexes          | 4 |  4.6
Dodging        | 3 |  3.0
Spellcasting   | |  2.1
Ice Magic      | |  0.6

Action                   |  1- 3 |  4- 6 |  7- 9 || total
-------------------------+-------+-------+-------++-------
Melee: Dagger            |    73 |    87 |    30 ||   190
       Constrict         |    13 |    15 |     8 ||    36
       Tentacles         |     7 |     8 |     3 ||    18
 Cast: Corona            |     4 |     1 |     1 ||     6
       Ensorcelled Hiber |     9 |    16 |     4 ||    29
       Confuse           |       |     5 |     6 ||    11
  Use: Scroll            |       |     8 |       ||     8
 Stab: Sleeping          |    16 |    18 |     2 ||    36
       Confused          |       |     2 |     2 ||     4
  Eat: Chunk             |     3 |    10 |     3 ||    16
Armor: Skin              |     6 |     4 |       ||    10
Dodge: Dodged            |    36 |    33 |    18 ||    87
